 Dungeon Crawl Stone Soup version 0.30.1-11-g7821555f0a (webtiles) character file.

Game seed: 9492040940952187398

107666 eliilek the Slayer (level 16, -1/174 HPs)
             Began as a Minotaur Fighter on Nov 5, 2023.
             Was an Initiate of Gozag.
             Engulfed by a cloud of poison gas (8 damage)
             ... on level 4 of the Swamp on Nov 7, 2023.
             The game lasted 01:07:26 (24083 turns).

eliilek the Slayer (Minotaur Fighter)              Turns: 24083, Time: 01:07:26

Health: -1/174     AC: 35    Str: 27    XL:     16   Next: 0%
Magic:  15/15      EV: 12    Int:  5    God:    Gozag
Gold:   1927       SH:  5    Dex: 15    Spells: 15/15 levels left

rFire   . . .        a - +6 lajatang (elec)
rCold   + . .        (shield currently unavailable)
rNeg    . . .        e - +4 plate armour {rC+}
rPois   .            t - +1 hat
rElec   +            I - +2 cloak {Will+}
rCorr   .            l - +1 pair of gloves {Dex+3}
SInv    .            L - +2 pair of boots {rampage}
Will    ++...        i - amulet of reflection Stlth
                     w - +4 ring of protection
HPRegen 0.49/turn    O - ring of Otol {Wiz Fly rElec}
MPRegen 0.14/turn

%: reflection, rampage, wizardry (x1)
@: lethally poisoned (-1 -> -8), gold aura, flying
A: horns 2, retaliatory headbutt
a: Renounce Religion, Potion Petition, Call Merchant, Bribe Branch


You were on level 4 of the Swamp.
You worshipped Gozag.
Gozag was most pleased with you.
You visited 4 branches of the dungeon, and saw 21 of its levels.
You also visited: Gauntlet.

You collected 8087 gold pieces.
You spent 2848 gold pieces at shops.
You paid 3312 gold pieces to Gozag.

Inventory:

Hand Weapons
 a - a +6 lajatang of electrocution (weapon)
 M - a +3 spectral quarterstaff
Missiles
 h - 7 curare-tipped darts
 o - 27 poisoned darts (quivered)
 y - 3 throwing nets
Armour
 e - a +4 plate armour of cold resistance (worn)
 l - a +1 pair of gloves of dexterity (worn)
 t - a +1 hat (worn)
 I - a +2 cloak of willpower (worn)
 L - a +2 pair of boots of rampaging (worn)
Jewellery
 i - an amulet of reflection (around neck)
 w - a +4 ring of protection (left hand)
 D - a ring of positive energy
 K - a ring of resist corrosion
 O - the ring of Otol (right hand) {Wiz Fly rElec}
   (You took it off a minotaur in a Gauntlet)

   [ring of wizardry]

   It improves your spell success rate.
   rElec:     It insulates you from electricity.
   Fly:       It grants you flight.
 Q - a ring of protection from fire
Wands
 s - a wand of roots (23)
 x - a wand of light (21)
 F - a wand of charming (7)
 R - a wand of mindburst (12)
Scrolls
 b - 3 scrolls of poison
 c - a scroll of noise {unknown}
 f - a scroll of immolation {unknown}
 m - 3 scrolls of fear
 n - 4 scrolls of magic mapping
 r - 4 scrolls of enchant armour
 u - 6 scrolls of teleportation
 v - 3 scrolls of amnesia {unknown}
 z - 2 scrolls of summoning
 B - 5 scrolls of silence {unknown}
 C - 3 scrolls of enchant weapon {unknown}
 N - 2 scrolls of fog {unknown}
 S - a scroll of brand weapon
 T - a scroll of identify
Potions
 d - 4 potions of curing
 g - 2 potions of lignification
 j - 2 potions of invisibility
 k - 2 potions of ambrosia
 p - 5 potions of flight
 q - 5 potions of resistance
 A - 4 potions of haste
 E - 2 potions of might
 G - 6 potions of mutation
 H - a potion of berserk rage
 J - 4 potions of cancellation
 P - 3 potions of heal wounds


   Skills:
 + Level 24.0 Fighting
 - Level 4.3(11.0) Polearms
 + Level 15.5(15.7) Staves
 + Level 14.0 Armour
 + Level 10.6 Dodging
 - Level 7.0 Shields


You had 15 spell levels left.
You didn't know any spells.
Your spell library contained the following spells:

 Spells                   Type           Power      Damage    Failure   Level
 Sandblast                Erth           0%         2d4       78%         1
 Shock                    Conj/Air       0%         1d3       78%         1
 Call Imp                 Summ           0%         N/A       89%         2
 Inner Flame              Hex/Fire       0%         N/A       98%         3
 Ozocubu's Armour         Ice            0%         N/A       98%         3
 Stone Arrow              Conj/Erth      0%         3d7       98%         3
 Swiftness                Air            0%         N/A       98%         3
 Tukima's Dance           Hex            0%         N/A       98%         3
 Airstrike                Air            0%         2d(0-16)  100%        4
 Animate Armour           Summ/Erth      0%         N/A       100%        4
 Passage of Golubria      Tloc           0%         N/A       100%        4
 Summon Lightning Spire   Summ/Air       0%         N/A       100%        4
 Iskenderun's Battlesphe  Conj           0%         2d6       100%        5
 Metabolic Englaciation   Hex/Ice        0%         N/A       100%        5
 Yara's Violent Unravell  Hex/Tmut       0%         3d3       100%        5
 Iron Shot                Conj/Erth      0%         9d1       100%        6
 Plasma Beam              Fire/Air       0%         2x1d11    100%        6
 Enfeeble                 Hex            0%         N/A       100%        7
 Haunt                    Necr/Summ      0%         N/A       100%        7
 Spellforged Servitor     Conj/Summ      0%         N/A       100%        7
 Ignition                 Fire           0%         3d3       100%        8
 Lehudib's Crystal Spear  Conj/Erth      0%         10d2      100%        8
 Simulacrum               Ice/Necr       Unusable   N/A       N/A         6

Dungeon Overview and Level Annotations

Branches:
Dungeon (10/15)            Temple (0/1) D:4            Lair (5/5) D:9
  Swamp (4/4) Lair:3        Snake (0/4) Lair:2        Slime (0/5) Lair:5
    Orc (2/2) D:9             Elf (0/3) Orc:2       Gauntlet (visited)

Altars:
Ashenzari
Elyvilon
Gozag
Makhleb
Nemelex Xobeh
Sif Muna
Yredelemnul
Zin
Jiyva

Shops:
D:1 (   Orc:2 *?*[[:!([


Innate Abilities, Weirdness & Mutations

You have a pair of horns on your head.
You reflexively headbutt those who attack you in melee.


Message History

You are engulfed in poison gas.
You are more poisoned.
* * * LOW HITPOINT WARNING * * *
You feel very sick.
You slice the swamp dragon!!
The swamp dragon is almost dead.
You are engulfed in poison gas.
You are more poisoned.
* * * LOW HITPOINT WARNING * * *
You feel very sick. You block the swamp dragon's attack.
The swamp dragon claws you.
* * * LOW HITPOINT WARNING * * *
The swamp dragon tramples you but does no damage.
You block the seven-headed hydra's attack.
The seven-headed hydra bites you but does no damage.
The seven-headed hydra barely misses you.
You block the seven-headed hydra's attack.
The seven-headed hydra closely misses you.
The seven-headed hydra bites you but does no damage. x2
The bog body completely misses you.
You closely miss the swamp dragon. You headbutt the swamp dragon!
You kill the swamp dragon!
You are engulfed in poison gas.
You are lethally poisoned!
* * * LOW HITPOINT WARNING * * *
x2 You feel very sick.
The seven-headed hydra completely misses you.
The seven-headed hydra barely misses you.
The seven-headed hydra misses you. The seven-headed hydra bites you!
* * * LOW HITPOINT WARNING * * *
The seven-headed hydra bites you but does no damage. x2
The seven-headed hydra barely misses you.
The bog body touches you but does no damage.
You have reached level 16!
You feel agile.
Okay, then.
You feel better.
You are engulfed in poison gas.
You are lethally poisoned!
You die...
Your body crumbles into a pile of gold.

♣~..~~.....♣♣
♣..~.~....~~♣
♣.~....~.~♣♣ $
♣♣~...~~.~♣♣
♣...~...~..♣
♣♣~.~...~~~~♣
≈###♣.....~.....♣
.~~...~.~.$~D°..♣♣
.~.≈≈..~.$..○@○..♣
.~~.~?.~$.~.n°°.♣♣
##♣§~..)..~....♣
♣~....~..~..♣♣
♣~.~..~..~~~.♣
♣♣.~.~...~.~♣♣
♣~..~~..~...♣
♣~~~.~~.....~♣
♣~..~.?~.....♣


You could see a seven-headed hydra and a bog body.

Vanquished Creatures
  Gastronok (Lair:1)
  Frances (Swamp:1)
  Donald (Swamp:1)
  A fenstrider witch (Swamp:1)
  An orc warlord (Orc:1)
  3 eleionomae
  Azrael (Orc:2)
  A minotaur (Gauntlet)
  5 bunyips
  3 boulder beetles
  4 ghost crabs
  3 catoblepae (Lair:5)
  16 hydras
  9 alligators
  Erica (Lair:1)
  The ghost of growler the Zephyrmancer, a journeyman TeAE of Hepliaklqana (D:9)
  9 death yaks
  2 orc high priests (Orc:2)
  9 spriggans
  3 skysharks (Lair:4)
  3 goliath frogs
  A death drake (Swamp:3)
  3 spriggan druids
  7 bog bodies
  7 swamp dragons
  Pikel (D:5)
  3 manticores
  An orc knight (Orc:2)
  An ugly thing (D:7)
  A cyclops (Orc:2)
  3 will-o-the-wisps (Swamp:2)
  16 elephants
  A salamander (Lair:2)
  6 black mambas
  Maurice (D:8)
  An ice statue (D:10)
  14 cane toads
  An unseen horror (D:10)
  A rime drake (Lair:4)
  13 komodo dragons
  Maggie (Lair:1)
  2 kobold demonologists (D:9)
  3 trolls (Orc:1)
  A bloated husk (Swamp:1)
  3 wolf spider simulacra (Gauntlet)
  4 tyrant leeches
  11 hornets
  2 polar bears
  16 blink frogs
  4 dream sheep (Lair:3)
  Grinder (D:5)
  A centaur simulacrum (Gauntlet)
  Sigmund (D:2)
  A wraith (D:10)
  3 basilisks
  5 steam dragons
  4 wyverns
  53 yaks
  3 fire elementals
  2 vampire mosquitoes (Swamp:2)
  A neqoxec (Gauntlet)
  Eustachio (D:6)
  2 chaos spawn (Gauntlet)
  2 acid dragons
  18 swamp worms
  2 wargs
  9 water moccasins
  3 hell hounds (Orc:2)
  4 sky beasts
  5 swamp drakes
  22 orc warriors
  An ice dragon simulacrum (Gauntlet)
  A black bear (D:9)
  5 wolves (Lair:3)
  5 ogres
  A phantom (D:6)
  5 centaurs
  3 kobold brigands
  A lemure (D:5)
  Blork the orc (D:5)
  15 bullfrogs
  3 gnoll sergeants
  A scorpion (D:9)
  5 wights
  9 killer bees
  4 howler monkeys
  2 lava snakes (Lair:2)
  A gnoll bouda (D:8)
  13 jellies
  12 orc priests
  4 hounds
  4 sleepcaps
  Jessica (D:3)
  3 iguanas
  Terence (D:2)
  18 orc wizards
  22 gnolls
  4 adders
  A shadow imp (D:5)
  A white imp (D:7)
  A dart slug (D:3)
  55 orcs
  11 endoplasms
  3 giant cockroaches
  8 hobgoblins
  6 jackals (D:1)
  16 kobolds
  5 quokkas
  5 ball pythons
  6 bats
  5 frilled lizards
  4 goblins
  5 rats (D:1)
627 creatures vanquished.

Vanquished Creatures (collateral kills)
  An orc sorcerer (Orc:2)
  2 orc warriors (Orc:2)
  3 orc priests (Orc:2)
  6 orc wizards
  7 orcs
19 creatures vanquished.

Vanquished Creatures (others)
  An orc sorcerer (Orc:2)
  A troll (Orc:1)
  3 bloated husks
  A warg (Orc:1)
  4 orc warriors
  3 orc priests
  2 orc wizards (Orc:1)
  8 orcs
  20 foxfires (Swamp:2)
43 creatures vanquished.

Grand Total: 689 creatures vanquished

Notes
Turn   | Place    | Note
-------+----------+-------------------------------------------
     0 | D:1      | eliilek the Minotaur Fighter began the quest for the Orb.
     0 | D:1      | Reached XP level 1. HP: 19/19 MP: 0/0
    23 | D:1      | Found Reilil's Weapon Shop.
    28 | D:1      | Got the Discourse on Bringing Forth
   345 | D:1      | Reached XP level 2. HP: 27/27 MP: 1/1
   512 | D:1      | Reached skill level 1 in Dodging
   684 | D:1      | Reached XP level 3. HP: 33/33 MP: 2/2
  1075 | D:2      | Reached skill level 4 in Fighting
  1165 | D:2      | Noticed Sigmund
  1175 | D:2      | Killed Sigmund
  1176 | D:2      | Reached skill level 5 in Armour
  1176 | D:2      | Reached XP level 4. HP: 18/41 MP: 3/3
  1176 | D:2      | Reached XP level 5. HP: 21/47 MP: 4/4
  1685 | D:2      | Noticed Terence
  1693 | D:2      | Killed Terence
  1734 | D:2      | Reached XP level 6. HP: 55/55 MP: 5/5
  2055 | D:3      | Reached skill level 5 in Shields
  2399 | D:3      | Found an opulent altar of Gozag.
  2450 | D:3      | Found a faded altar of an unknown god.
  2460 | D:3      | Prayed at the altar of an unknown god.
  2460 | D:3      | Became a worshipper of Gozag Ym Sagoz the Greedy
  2621 | D:3      | Reached skill level 5 in Fighting
  2668 | D:3      | Noticed Jessica
  2678 | D:3      | Killed Jessica
  2959 | D:4      | Found a staircase to the Ecumenical Temple.
  3315 | D:4      | Identified the +0 robe "Cujakesi" {+Blink +Inv Int-5 Dex-5}
  3399 | D:4      | Reached XP level 7. HP: 28/61 MP: 6/6
  3576 | D:4      | Found a broken altar of Ashenzari.
  3580 | D:4      | Saw a vision of the Swamp and the Snake Pit.
  3580 | D:4      | Noticed a salamander
  3580 | D:4      | Noticed a will-o-the-wisp
  3580 | D:4      | Noticed an alligator
  3580 | D:4      | Noticed an eleionoma
  3581 | D:4      | Noticed a black mamba
  3581 | D:4      | Noticed a swamp dragon
  3583 | D:4      | Noticed a naga sharpshooter
  3916 | D:5      | Entered Level 5 of the Dungeon
  4106 | D:5      | Noticed Grinder
  4121 | D:5      | Paralysed by Grinder for 4 turns
  4129 | D:5      | Killed Grinder
  4262 | D:5      | Reached skill level 6 in Fighting
  4446 | D:5      | Found a white marble altar of Elyvilon.
  4553 | D:5      | Reached XP level 8. HP: 70/70 MP: 7/7
  4586 | D:5      | Noticed Blork the orc
  4594 | D:5      | Killed Blork the orc
  4663 | D:5      | Noticed a hornet
  4667 | D:5      | Killed a hornet
  4771 | D:5      | Noticed Pikel
  4799 | D:5      | Killed Pikel
  4800 | D:5      | Reached skill level 7 in Fighting
  4800 | D:5      | Reached skill level 5 in Dodging
  4955 | D:6      | Reached XP level 9. HP: 79/79 MP: 8/8
  5174 | D:6      | Reached skill level 10 in Armour
  5397 | D:6      | Noticed Eustachio
  5416 | D:6      | Killed Eustachio
  5685 | D:7      | Reached skill level 8 in Fighting
  6070 | D:1      | Bought a +6 spectral lajatang for 834 gold pieces
  6367 | D:7      | Found a faded altar of an unknown god.
  6367 | D:7      | Noticed a brown ugly thing
  6367 | D:7      | Found the Hermit's Pendant {Faith Invo=14 Evo=0 MP+5}
  6377 | D:7      | Killed a brown ugly thing
  7175 | D:7      | Reached XP level 10. HP: 85/90 MP: 9/9
  7504 | D:7      | Found a sparkling altar of Nemelex Xobeh.
  7793 | D:8      | Noticed Maurice
  7811 | D:8      | Killed Maurice
  7862 | D:8      | Reached skill level 5 in Staves
  8273 | D:8      | Found a shimmering blue altar of Sif Muna.
  8611 | D:8      | Reached skill level 9 in Fighting
  8910 | D:9      | Found a staircase to the Orcish Mines.
  8989 | D:9      | Found a basalt altar of Yredelemnul.
  9161 | D:9      | Noticed growler's ghost (journeyman TeAE)
  9164 | D:9      | Noticed a manticore
  9215 | D:9      | Found a transporter.
  9215 | D:9      | Found a transporter.
  9399 | D:9      | Found a staircase to the Lair.
  9598 | D:9      | Killed growler's ghost
  9599 | D:9      | Reached skill level 10 in Fighting
  9611 | D:9      | Noticed a sun demon
  9615 | D:9      | Reached XP level 11. HP: 87/99 MP: 10/10
  9634 | D:9      | HP: 4/100 [red devil/+0 vampiric trident[a kobold
                  | demonologist] (2)]
  9641 | D:9      | HP: 4/101 [steam dragon/ball of steam (9)]
  9839 | D:9      | Got the Handbook of Indurated Burning
  9875 | D:10     | Entered Level 10 of the Dungeon
  9875 | D:10     | Found a burning altar of Makhleb.
  9879 | D:10     | Noticed a boulder beetle
  9893 | D:10     | Killed a boulder beetle
 10034 | D:10     | Found a glowing silver altar of Zin.
 10034 | D:10     | Noticed an angel
 10034 | D:10     | Noticed a cacodemon
 10056 | D:10     | Reached skill level 10 in Staves
 10449 | D:10     | Reached skill level 11 in Fighting
 10702 | Lair:1   | Entered Level 1 of the Lair of Beasts
 10845 | Lair:1   | Noticed Gastronok
 10861 | Lair:1   | Killed Gastronok
 10912 | Lair:1   | Noticed Maggie
 10923 | Lair:1   | Killed Maggie
 11068 | Lair:1   | Reached skill level 12 in Fighting
 11183 | Lair:1   | Noticed Erica
 11189 | Lair:1   | Killed Erica
 11190 | Lair:1   | Reached XP level 12. HP: 112/112 MP: 11/11
 11665 | Lair:2   | Noticed an eight-headed hydra
 11674 | Lair:1   | Killed a ten-headed hydra
 11895 | Lair:2   | You fall into a shaft and drop 2 floors!
 11904 | Lair:4   | Reached skill level 13 in Fighting
 12151 | Lair:4   | Reached skill level 14 in Fighting
 12309 | Lair:3   | Reached skill level 15 in Fighting
 12342 | Lair:3   | Found a staircase to the Swamp.
 12393 | Lair:3   | Reached skill level 16 in Fighting
 12572 | Lair:2   | Reached XP level 13. HP: 130/130 MP: 12/12
 12755 | Lair:2   | Found a staircase to the Snake Pit.
 13292 | Lair:3   | Reached skill level 17 in Fighting
 13624 | Lair:3   | Reached skill level 18 in Fighting
 14480 | Lair:4   | Reached skill level 19 in Fighting
 14982 | Lair:5   | Entered Level 5 of the Lair of Beasts
 14982 | Lair:5   | Found a gate leading to a gauntlet.
 14986 | Gauntlet | Entered a Gauntlet
 14986 | Gauntlet | Found a transporter.
 14986 | Gauntlet | Found a transporter.
 14995 | Gauntlet | Found a transporter.
 14998 | Gauntlet | Found a transporter.
 15006 | Gauntlet | Found a transporter.
 15010 | Gauntlet | Found a transporter.
 15016 | Gauntlet | Found a runed translucent gate.
 15016 | Gauntlet | Found a runed translucent gate.
 15016 | Gauntlet | Found a runed translucent gate.
 15018 | Gauntlet | Found a transporter.
 15035 | Gauntlet | Found a transporter.
 15049 | Gauntlet | Found a transporter.
 15053 | Gauntlet | Found a transporter.
 15061 | Gauntlet | Found a transporter.
 15065 | Gauntlet | Found a transporter.
 15350 | Gauntlet | Identified the ring of Otol {Wiz Fly rElec}
 15350 | Gauntlet | Noticed a minotaur
 15365 | Gauntlet | Killed a minotaur
 15366 | Gauntlet | Reached skill level 20 in Fighting
 15487 | Lair:5   | Found a staircase to the Slime Pits.
 15488 | Lair:5   | Found a viscous altar of Jiyva.
 15503 | Lair:5   | Reached XP level 14. HP: 149/149 MP: 13/13
 16203 | Lair:5   | Reached skill level 21 in Fighting
 16633 | Lair:5   | Reached skill level 22 in Fighting
 17011 | Orc:1    | Entered Level 1 of the Orcish Mines
 17176 | Orc:1    | Noticed an orc warlord
 17383 | Orc:2    | Entered Level 2 of the Orcish Mines
 17383 | Orc:2    | Found Yreur's Magic Scroll Shoppe.
 17404 | Orc:2    | Bought a scroll of identify for 32 gold pieces
 17404 | Orc:2    | Bought a scroll of summoning for 152 gold pieces
 17404 | Orc:2    | Bought a scroll of enchant armour for 120 gold pieces
 17404 | Orc:2    | Bought a scroll of identify for 32 gold pieces
 17411 | Orc:2    | Found Uthus's Assorted Antiques.
 17412 | Orc:2    | Noticed Azrael
 17435 | Orc:2    | Killed Azrael
 17631 | Orc:1    | Killed an orc warlord
 17873 | Orc:2    | Bought a potion of curing for 96 gold pieces
 17873 | Orc:2    | Bought a potion of curing for 96 gold pieces
 17873 | Orc:2    | Bought a shiny plate armour for 832 gold pieces
 17927 | Orc:2    | Found a staircase to the Elven Halls.
 18008 | Orc:2    | Found Memuipt's Antique Armour Emporium.
 18072 | Orc:2    | Found Pydet's Distillery.
 18072 | Orc:2    | Found Hacowene's Antique Weapon Emporium.
 18076 | Orc:2    | Reached skill level 23 in Fighting
 18077 | Orc:2    | Found Coisy's Book Emporium.
 18078 | Orc:2    | Found Roadec's Armour Boutique.
 18236 | Orc:2    | Found Tuenikh's Armour Shoppe.
 18249 | Orc:2    | Found Ynuomn's General Store.
 18255 | Orc:2    | Bought a +1 hat for 176 gold pieces
 18281 | Orc:2    | Bought a potion of heal wounds for 70 gold pieces
 18497 | Orc:2    | Bought 2 potions of cancellation for 272 gold pieces
 18497 | Orc:2    | Bought a potion of cancellation for 136 gold pieces
 18714 | Swamp:1  | Entered Level 1 of the Swamp
 18714 | Swamp:1  | Noticed Frances
 18714 | Swamp:1  | Noticed a fenstrider witch
 18728 | Swamp:1  | Killed a fenstrider witch
 18734 | Swamp:1  | Killed Frances
 18967 | Swamp:1  | Reached XP level 15. HP: 144/163 MP: 14/14
 19262 | Swamp:1  | Noticed Donald
 19279 | Swamp:1  | Killed Donald
 22236 | Swamp:3  | Reached skill level 15 in Staves
 22236 | Swamp:3  | Reached skill level 10 in Dodging
 23124 | Swamp:4  | Entered Level 4 of the Swamp
 24065 | Swamp:4  | Reached skill level 24 in Fighting
 24082 | Swamp:4  | HP: 2/166 [seven-headed hydra (7)]
 24083 | Swamp:4  | Reached XP level 16. HP: 2/174 MP: 15/15
 24083 | Swamp:4  | Engulfed by a cloud of poison gas

Illustrated notes

Levels and vault maps discovered:
D:1:      pf_arrival_petrified_forest, layout_loops_ring, serial_shops, shop,
          dk_noncrumbling_2, minivault_11, chequers_serial_rivers_micro_a,
          minmay_misc_feat_iff, st_stairs_1, roderic_roman_lattice,
          minmay_split_cup_large
D:2:      layout_loops_ring, uniq_terence, uniq_sigmund
D:3:      layout_loops_corners, mainiacjoe_overflow_alcove_2,
          basic_ecumenical_altar, hex_tiny, uniq_jessica
D:4:      layout_rooms, grunt_ashenzari_visionary
          [grunt_ashenzari_visionary_swamp, grunt_ashenzari_visionary_snake],
          minmay_temple_entry_wispy, roderic_lattice_a, grunt_decor_junction
D:5:      layout_basic, marbit_many_paths, kennysheep_generic_room_16,
          uniq_pikel, uniq_grinder, uniq_blork_the_orc
D:6:      layout_cave_pools, uniq_eustachio
D:7:      layout_loops_corners, nemelex_dance_club_becter,
          hellmonk_guarded_unrand_hermit
D:8:      layout_basic, kennysheep_mini, serial_bayou_pond_e, uniq_maurice
D:9:      layout_loops_cross, mainiacjoe_overflow_24_doors,
          grunt_lair_entry_orc_guard_hut, orc_0_dummy, nzn_ghost_randoct,
          minmay_misc_feat_chi
D:10:     lemuel_ice_statue, layout_loops_ring,
          grunt_temple_overflow_order_and_chaos_2, nicolae_wwwww,
          hangedman_glass_teeth
Lair:1:   layout_long_grid, minivault_24, chequers_serial_rivers_micro_b,
          grunt_megastairs_2, uniq_gastronok, uniq_maggie, uniq_erica
Lair:2:   layout_gridlike, nicolae_snake_entry_warm_welcome,
          serial_bayou_shore_a, grunt_megastairs_1
Lair:3:   layout_concentric_octagons, skrybe_swamp_entry_bodies,
          chequers_serial_rivers_room_a, beast_lair_carwin_8,
          serial_bayou_shore_b
Lair:4:   beast_lair_carwin_large_1, layout_concentric_octagons
Lair:5:   evilmike_catoblepas_cave, layout_cave_shapes,
          minmay_slime_entry_jelly_boxes, gauntlet_entry_generic
Swamp:1:  layout_basic_swamp, evilmike_swamp_ruin_house_3, swamp_pool1,
          nicolae_swamp_little_swirl, uniq_donald, uniq_frances
Swamp:2:  layout_basic_swamp, nicolae_swamp_some_circles
Swamp:3:  layout_basic_swamp, nicolae_swamp_little_tower
Swamp:4:  swamp_basic_johnstein, layout_basic_swamp
Orc:1:    layout_caves, mines2_david
Orc:2:    grunt_orc_tribal_feast, layout_diamond_mine, serial_shops, shop, shop,
          nicolae_shop_waterfront, nicolae_square_shop, shop, uniq_azrael

Skill      XL: |  1  2  3  4  5  6  7  8  9 10 11 12 13 14 15 |
---------------+----------------------------------------------+-----
Armour         | 4 5 6 7 9 11 12 14 | 14.0
Dodging        | 1 2 3 4 5 6 8 10 | 10.6
Shields        | 4 5 6 7 |  7.0
Fighting       | 4 5 6 7 8 10 12 16 20 23 24 | 24.0
Polearms       | 4 |  4.3
Staves         | 3 8 12 13 14 15 | 15.5

Action                     |  1- 3 |  4- 6 |  7- 9 | 10-12 | 13-15 | 16-18 || total
---------------------------+-------+-------+-------+-------+-------+-------++-------
  Melee: Trident           |    98 |   157 |   283 |       |       |       ||   538
         Headbutt          |    11 |    12 |    70 |    84 |   274 |       ||   451
         Lajatang          |       |       |    42 |   431 |   971 |       ||  1444
         Quarterstaff      |       |       |       |       |    31 |       ||    31
 Invoke: Potion Petition   |       |       |       |     1 |       |       ||     1
         Bribe Branch      |       |       |       |       |     1 |       ||     1
    Use: Potion            |     1 |       |       |     7 |     3 |     1 ||    12
         Scroll            |       |       |    10 |     6 |     6 |       ||    22
   Stab: Distracted        |     1 |       |       |     2 |     6 |       ||     9
         Petrifying        |       |       |       |       |     1 |       ||     1
 Armour: Scale mail        |    23 |     8 |       |       |       |       ||    31
         Plate armour      |       |    15 |   146 |   327 |   693 |       ||  1181
  Dodge: Dodged            |    20 |    27 |   113 |   236 |   402 |       ||   798
  Block: Buckler           |    31 |    41 |   143 |       |       |       ||   215
         Reflection        |     2 |     1 |     4 |     6 |     4 |       ||    17
         Other             |       |       |     7 |   100 |   194 |       ||   301
